 Dungeon Crawl Stone Soup version 0.25-a0-108-gda8bd6cf83 (webtiles) character file.

Game seed: 5229833565555486463, levelgen mode: deterministic

695609 Cinder the Conqueror (level 27, -10/218 HPs)
             Began as a Minotaur Berserker on Nov 17, 2019.
             Was the Champion of Trog.
             Mangled by an Ice Fiend (14 damage)
             ... summoned by an ancient lich
             ... on level 5 of the Realm of Zot on Nov 18, 2019.
             The game lasted 02:57:09 (69576 turns).

Cinder the Conqueror (Minotaur Berserker)          Turns: 69576, Time: 02:57:10

Health: -10/218    AC: 36    Str: 27    XL:     27
Magic:  42/42      EV: 23    Int: 10    God:    Trog [******]
Gold:   3631       SH:  0    Dex: 29    Spells: 26/26 levels left

rFire    + + .     SeeInvis .   p - +8 broad axe "Ecigo Salec" {vamp, Stlth+}
rCold    + . .     Gourm    .   F - +2 large shield
rNeg     . . .     Faith    .   E - +7 gold dragon scales
rPois    +         Spirit   .   o - +1 hat {MR+}
rElec    +         Reflect  +   V - +2 cloak {MR+}
rCorr    .         Harm     .   G - +0 pair of gloves of the Engineer {rElec Dex+4}
MR       +++++     Rnd*Rage +   (no boots) Stlth ..........Rnd*Tele +
                                U - amulet "Lohid" {Reflect rF+ Int+4 SH+2}
HPRegen  0.00/turn              X - +5 ring of slaying
MPRegen  0.28/turn              x - ring "Bonelyaph" {MR+ MP+9 AC+4 Dex+7}

@: confused, corroded, berserk cooldown, hasted and slowed
A: retaliatory headbutt, fangs 1, horns 2, talons 1, berserk 1, blink, frail 2,
magic resistance 1, inhibited regeneration, strong 1, teleportitis 2, no potion
heal 1
}: 3/15 runes: serpentine, barnacled, silver
a: Blink, Berserk, Trog's Hand, Brothers in Arms, Renounce Religion


You were on level 5 of the Realm of Zot.
You worshipped Trog.
Trog was exalted by your worship.
You were not hungry.

You visited 10 branches of the dungeon, and saw 50 of its levels.
You also visited: Ossuary, Ice Cave and Volcano.

You collected 6950 gold pieces.
You spent 3319 gold pieces at shops.

Inventory:

Hand Weapons
 a - a +5 antimagic broad axe
 p - the +8 broad axe "Ecigo Salec" (weapon) {vamp, Stlth+}
   (Trog gifted it to you on level 5 of the Vaults)

   It inflicts no extra harm, but heals its wielder when it wounds a living foe.
   It makes you more stealthy.
 Z - a +2 demon whip of venom
Missiles
 u - 25 curare-tipped darts (quivered)
 B - 12 throwing nets
Armour
 o - a +1 hat of magic resistance (worn)
 E - +7 gold dragon scales (worn)
 F - a +2 large shield (worn)
 G - the +0 pair of gloves of the Engineer (worn) {rElec Dex+4}
   (You found it on level 1 of the Elven Halls)

   It affects your dexterity (+4).
   It insulates you from electricity.
 R - a scarf of cloud immunity
 V - a +2 cloak of magic resistance (worn)
Jewellery
 w - an uncursed ring of resist corrosion
 x - the ring "Bonelyaph" (right hand) {MR+ MP+9 AC+4 Dex+7}
   (You bought it in a shop on level 5 of the Depths)

   [ring of protection]

   It affects your AC (+4).
   It affects your dexterity (+7).
   It affects your resistance to hostile enchantments.
   It affects your magic capacity (+9).
 O - a +5 amulet of reflection
 U - the amulet "Lohid" (around neck) {Reflect rF+ Int+4 SH+2}
   (You found it on level 1 of the Snake Pit)

   [amulet of reflection]

   It shields you and reflects attacks.
   It affects your intelligence (+4).
   It protects you from fire.
   It affects your SH (+2).
 X - a +5 ring of slaying (left hand)
 Y - an uncursed ring of see invisible
Wands
 r - a wand of clouds (13)
 s - a wand of acid (37)
 t - a wand of scattershot (4)
 J - a wand of digging (20)
 M - a wand of iceblast (42)
 W - a wand of paralysis (24)
Scrolls
 d - 12 scrolls of fear
 i - 5 scrolls of identify
 l - 22 scrolls of teleportation
 m - 8 scrolls of enchant weapon
 n - 27 scrolls of remove curse
 v - 7 scrolls of fog
 y - 6 scrolls of immolation
 C - 3 scrolls of noise
 D - 5 scrolls of blinking
 H - a scroll of holy word
 I - 4 scrolls of magic mapping
 P - 2 scrolls of summoning
 Q - 2 scrolls of silence
Potions
 b - 5 potions of invisibility
 e - 22 potions of curing
 f - 3 potions of mutation
 g - 9 potions of haste
 h - a potion of ambrosia
 j - 5 potions of lignification
 q - 12 potions of flight
 z - 3 potions of might
 N - 5 potions of resistance
 S - 8 potions of agility
Miscellaneous
 k - 2 boxes of beasts
 K - a sack of spiders
 L - a lightning rod (4/4)
 T - a phantom mirror
Comestibles
 c - 58 rations


   Skills:
 O Level 27 Fighting
 O Level 27 Axes
 - Level 20.0 Armour
 - Level 20.0 Dodging
 + Level 26.4 Shields
 - Level 15.0 Evocations


You had 26 spell levels left.
You didn't know any spells.
Your spell library was empty.

Dungeon Overview and Level Annotations

Branches:
Dungeon (15/15)            Temple (1/1) D:5            Lair (6/6) D:11
 Shoals (4/4) Lair:4        Snake (4/4) Lair:2        Slime (0/5) Lair:6
    Orc (2/2) D:10            Elf (3/3) Orc:2        Vaults (5/5) D:14
  Crypt (0/3) Vaults:2     Depths (5/5) D:15            Zot (5/5) Depths:5
Ossuary (visited)           IceCv (visited)         Volcano (visited)

Altars:
Ashenzari
Cheibriados
Dithmenos
Elyvilon
Fedhas
Gozag
Makhleb
Nemelex Xobeh
Okawaru
Qazlal
Ru
Trog
Uskayaw
Wu Jian
Xom
Zin
Beogh
Jiyva

Shops:
D:4 =   Orc:2 ?(*[=   Elf:2 :   Shoals:4 *   Snake:2 ?:}}*   Snake:4 *
Vaults:5 ?%??%?%   Depths:4 *}[[   Depths:5 =}=

Portals:
Hell: Depths:1 Depths:3 Depths:4 Depths:5
Abyss: Depths:4
Pandemonium: Depths:3 Depths:4
Ziggurat: Depths:5

Annotations:
D:7 2 runed translucent doors
Vaults:3 3 runed translucent doors, Kuqudo's ghost, adept DDFi
Depths:5 1 runed translucent door, 1 exclusion


Innate Abilities, Weirdness & Mutations

You reflexively headbutt those who attack you in melee.
You have a pair of horns on your head.
You have very sharp teeth.
You have sharp toenails.
You tend to lose your temper in combat.
You can translocate small distances at will.
You are very frail. (-20% HP)
You are resistant to hostile enchantments. (MR+)
You do not regenerate when monsters are visible.
Your muscles are strong. (Str +2)
You are sometimes teleported next to monsters.
Potions are less effective at restoring your health.


Message History

The Executioner hits you but does no damage.
The Executioner misses you.
The Executioner hits you but does no damage.
Something touches you but does no damage.
The Ice Fiend misses you.
The Ice Fiend claws you but does no damage.
You slash something! You claw something. You headbutt something!!
You closely miss the Ice Fiend. You hit the Executioner.
The Executioner hits you but does no damage.
The Executioner completely misses you.
The Executioner hits you but does no damage.
The Executioner barely misses you.
The Executioner hits you but does no damage.
The Executioner hits you.
* * * LOW HITPOINT WARNING * * *
Something closely misses you. The Ice Fiend misses you.
The Ice Fiend claws you.
* * * LOW HITPOINT WARNING * * *
The Ice Fiend freezes you! You resist.
You die...

#)#########..# #....§.....<..
.)...........# #......#...#..
############## #..##.#...≈##.
#...# #..........#.. #...#
###......#.+..
####...#############..........#..
........................⌠######..
.............p†1..............###
..........)...2{@....)........###
.......d.......1............)....
###########.############.<.)...##
#.# #...#...# #.## ###.....# #..#
#....## *#######.########
######** * *...............#
**,,,,,,, ** *#.............#*
**,,,,,,,,


You could see a Killer Klown, an Ice Fiend, an Executioner and a tormentor.

Vanquished Creatures
  A juggernaut (Depths:3)
  9 orbs of fire
  9 ancient liches
  Saint Roka (Vaults:4)
  Xtahua (Vaults:2)
  3 curse toes
  12 golden dragons
  Nikola (Shoals:2)
  2 electric golems (Zot:1)
  4 liches
  11 tentacled monstrosities
  5 deep elf blademasters
  9 quicksilver dragons
  10 Orb Guardians
  4 titans
  2 krakens
  3 deep elf master archers (Elf:3)
  10 death cobs
  17 storm dragons
  5 sphinxes
  10 shadow dragons
  Kirke (Snake:1)
  3 tengu reavers
  8 draconian monks
  13 frost giants
  3 ghost moths
  Ilsuiw (Shoals:3)
  7 draconian knights
  5 fire giants
  7 nagarajas
  10 draconian scorchers
  Louise (Shoals:3)
  A ghost moth (shapeshifter) (Vaults:5)
  22 vault wardens
  3 iron dragons
  A curse skull (Vaults:2)
  3 orc warlords
  8 draconian shifters
  A ghoul (Vaults:2)
  13 deep elf sorcerers
  6 deep elf elementalists
  2 war gargoyles
  3 draconian annihilators
  2 spriggan defenders
  A reaper (Depths:4)
  2 draconian stormcallers (Zot:4)
  18 very ugly things
  An entropy weaver (shapeshifter) (Depths:3)
  17 stone giants
  17 ironheart preservers
  10 green draconians
  2 entropy weavers
  4 vampire knights
  11 black draconians
  3 large abominations (Elf:3)
  9 deep elf annihilators
  5 deep elf demonologists
  5 dire elephants (Lair:6)
  3 spark wasps (Depths:3)
  18 red draconians
  19 purple draconians
  15 white draconians
  14 yellow draconians
  8 merfolk impalers
  13 ettins
  6 merfolk javelineers
  9 fire dragons
  12 deep elf death magi
  3 jiangshi
  A crystal guardian (Vaults:3)
  Josephine (D:14)
  14 ogre magi
  17 yaktaur captains
  3 rakshasas
  8 deep elf high priests
  8 hydras (Depths:5)
  39 vault guards
  3 spriggan air magi
  3 great orbs of eyes
  14 naga warriors
  10 ice dragons
  3 catoblepae
  12 anacondas
  2 merfolk avatars (Shoals:4)
  5 merfolk aquamancers
  A satyr (Shoals:4)
  A two-headed ogre (shapeshifter) (Depths:3)
  An alligator snapping turtle (Shoals:2)
  22 dancing weapons
  4 death knights
  11 centaur warriors
  38 two-headed ogres
  11 deep troll shamans
  2 hell hogs (Depths:1)
  An orc high priest (Orc:2)
  3 tengu warriors
  10 deep troll earth magi
  6 death yaks (Lair:6)
  A shock serpent (shapeshifter) (Vaults:5)
  15 naga sharpshooters
  4 vampire magi
  3 spriggan berserkers
  7 shock serpents
  30 deep elf knights
  2 spriggans (Depths:4)
  16 skeletal warriors
  4 iron trolls
  A shadow wraith (Vaults:4)
  4 salamander mystics
  2 unseen horrors
  A hell knight (Depths:1)
  9 sea snakes
  A golden dragon zombie (D:15)
  40 deep trolls
  7 naga ritualists
  24 deep elf archers
  19 ironbrand convokers
  A flayed ghost (Vaults:2)
  2 glowing orange brains
  2 wizards
  An orb spider (shapeshifter) (Vaults:5)
  3 phantasmal warriors
  12 orc knights
  4 necromancers
  3 harpies (shapeshifter)
  10 mana vipers
  2 fire giant zombies
  12 manticores
  55 deep elf magi
  4 wolf spiders
  24 harpies
  46 ugly things
  3 orc sorcerers (Orc:2)
  10 fauns
  24 moths of wrath
  8 cyclopes
  A salamander (shapeshifter) (Depths:2)
  A cyclops (shapeshifter) (Vaults:4)
  A centaur zombie (D:15)
  36 black mambas
  19 elephants (Lair:6)
  An ice statue (IceCv)
  A frost giant skeleton (Vaults:5)
  A moth of wrath (shapeshifter) (Vaults:2)
  9 guardian serpents
  31 naga magi
  8 water nymphs
  A guardian serpent (shapeshifter) (Vaults:4)
  5 merfolk sirens
  23 salamanders
  A torpor snail (shapeshifter) (Vaults:5)
  19 vault sentinels
  2 gargoyles
  A storm dragon simulacrum (Depths:1)
  16 spiny frogs
  A kobold demonologist (D:14)
  55 yaktaurs
  2 orange demons (Depths:4)
  22 freezing wraiths
  4 komodo dragons
  A yaktaur (shapeshifter) (Depths:3)
  A guardian mummy (D:15)
  2 efreet
  A hellwing (Depths:5)
  A red devil (Depths:5)
  3 ice devils
  4 tengu conjurers
  A troll (shapeshifter) (Depths:2)
  A jumping spider (Vaults:2)
  3 polar bears
  A spriggan skeleton (D:15)
  10 wind drakes
  A jumping spider (shapeshifter) (Vaults:5)
  3 harpy zombies (Shoals:2)
  6 hornets
  28 merfolk
  A polar bear (shapeshifter) (Vaults:2)
  A wolf spider simulacrum (IceCv)
  6 meliai
  A hornet (shapeshifter) (Vaults:5)
  4 trolls
  3 blink frogs (Lair:1)
  39 slime creatures
  A raiju (shapeshifter) (Vaults:5)
  7 dream sheep
  2 meliai zombies
  A fire giant simulacrum (Depths:1)
  14 hippogriffs
  8 snapping turtles
  A spriggan (shapeshifter) (Elf:2)
  An ettin zombie (Vaults:1)
  A tarantella (Vaults:4)
  3 air elementals
  3 vampires
  2 shadows
  An ice dragon skeleton (D:15)
  9 wraiths
  4 redbacks
  6 humans (D:14)
  12 water elementals
  2 hogs (Snake:1)
  4 basilisks
  7 wyverns
  31 yaks
  A basilisk (shapeshifter) (Vaults:3)
  A fire elemental (Elf:3)
  6 vampire mosquitoes
  2 hungry ghosts
  A human simulacrum (Vaults:3)
  A neqoxec (Depths:4)
  A yaktaur simulacrum (Vaults:1)
  A steam dragon (D:11)
  2 wargs
  38 nagas
  An acid dragon (Vaults:1)
  4 water moccasins
  3 floating eyes
  12 hell hounds
  13 porcupines
  2 floating eyes (shapeshifter)
  39 orc warriors
  3 human skeletons
  11 ice beasts
  An elf zombie (Vaults:5)
  3 sky beasts
  A hornet zombie (D:15)
  2 black bears
  A necrophage (D:13)
  32 ogres
  29 centaurs
  An eye of draining (D:15)
  3 phantoms
  A boggart (shapeshifter) (Depths:5)
  A boggart (Depths:3)
  9 wolves
  12 crocodiles
  A yaktaur zombie (Vaults:1)
  A big kobold (D:14)
  A hippogriff zombie (Shoals:2)
  20 bullfrogs
  Blork the orc (Orc:2)
  An earth elemental (Elf:1)
  A glowing shapeshifter simulacrum (Vaults:5)
  A yaktaur skeleton (D:15)
  2 water moccasin zombies (Ossuary)
  A scorpion (D:11)
  8 killer bees
  7 wights
  4 howler monkeys
  8 crimson imps
  2 quasits
  2 draconian simulacra (IceCv)
  4 hounds
  A bullfrog skeleton (D:5)
  21 orc priests
  A gnoll shaman (D:3)
  An iron imp (Depths:3)
  7 jellies
  8 centaur skeletons
  An iguana (D:13)
  23 orc wizards
  2 worker ants
  Terence (D:3)
  2 polar bear simulacra (IceCv)
  4 troll simulacra (IceCv)
  A wolf simulacrum (IceCv)
  A killer bee zombie (D:8)
  3 centaur simulacra (IceCv)
  2 mummies (Ossuary)
  A howler monkey zombie (D:6)
  Robin (D:3)
  A worker ant zombie (D:6)
  18 adders
  5 gnolls (D:3)
  A naga simulacrum (IceCv)
  3 ogre simulacra (IceCv)
  3 shadow imps
  12 white imps (IceCv)
  5 adder zombies (Ossuary)
  2 adder skeletons
  4 worms
  A dart slug (D:4)
  7 leopard geckos
  117 orcs
  A bat zombie (Shoals:2)
  5 giant cockroaches
  4 gnoll zombies (Ossuary)
  12 goblins
  9 hobgoblins
  13 jackals
  10 kobolds
  5 quokkas
  2 ball pythons
  3 bats
  5 frilled lizards
  6 hobgoblin zombies (Ossuary)
  A jackal skeleton (D:4)
  7 kobold zombies (Ossuary)
  A leopard gecko zombie (D:5)
  5 orc zombies (Ossuary)
  A quokka skeleton (D:4)
  3 rats
  3 crawling corpses
  10 fungi
  12 plants
  8 tentacles
  2 withered plants (D:15)
2342 creatures vanquished.

Vanquished Creatures (collateral kills)
  Mara (Shoals:3)
  Frederick (Vaults:3)
  A Killer Klown (Zot:5)
  Rupert (D:14)
  An acid blob (Zot:5)
  Gastronok (Lair:1)
  A sphinx (Depths:5)
  An orc warlord (Orc:2)
  A red draconian (Volcano)
  3 vault guards (Vaults:3)
  A spriggan air mage (Depths:4)
  2 spriggan berserkers
  A deep elf archer (Vaults:3)
  An orc knight (Orc:2)
  A necromancer (IceCv)
  A deep elf mage (Vaults:3)
  2 oklob plants (Lair:4)
  A faun (Shoals:3)
  A yaktaur (Depths:5)
  A warg (Orc:2)
  2 centaurs (Volcano)
  3 bullfrogs
  4 draconian simulacra (IceCv)
  An orc wizard (Orc:2)
  2 troll simulacra (IceCv)
  A centaur simulacrum (IceCv)
  A butterfly (Lair:1)
38 creatures vanquished.

Vanquished Creatures (others)
  A fire giant (Depths:4)
  A deep elf annihilator (Elf:1)
  A yaktaur captain (Vaults:5)
  A naga warrior (Snake:4)
  3 deep elf archers
  A wizard (D:4)
  A moth of wrath (Zot:1)
  A merfolk siren (Shoals:3)
  2 yaktaurs (Volcano)
  3 humans
  A naga (Snake:4)
  An ogre (Vaults:5)
  5 fungi
  15 plants
  6 tentacles
  A withered plant (D:15)
44 creatures vanquished.

Grand Total: 2424 creatures vanquished

Notes
Turn   | Place    | Note
-------+----------+-------------------------------------------
     0 | D:1      | Cinder the Minotaur Berserker began the quest for the Orb.
     0 | D:1      | Reached XP level 1. HP: 19/19 MP: 0/0
   810 | D:1      | Reached XP level 2. HP: 27/27 MP: 1/1
  1452 | D:2      | Reached XP level 3. HP: 33/33 MP: 2/2
  2288 | D:3      | Reached XP level 4. HP: 26/41 MP: 3/3
  2409 | D:3      | Noticed Terence
  2415 | D:3      | Killed Terence
  2415 | D:3      | Reached skill level 5 in Axes
  2572 | D:3      | Reached ** piety under Trog
  2608 | D:3      | Reached XP level 5. HP: 46/47 MP: 4/4
  2711 | D:3      | Noticed Robin
  2920 | D:3      | Reached skill level 5 in Fighting
  2930 | D:3      | Killed Robin
  3202 | D:3      | Found an ornate altar of the Wu Jian Council.
  3569 | D:4      | Reached XP level 6. HP: 49/56 MP: 5/5
  3629 | D:4      | Found a bloodstained altar of Trog.
  3630 | D:4      | Noticed a wizard
  3635 | D:4      | Killed a wizard
  3989 | D:4      | Reached *** piety under Trog
  3995 | D:4      | Got a slimy scale mail
  4022 | D:4      | Identified the +1 scale mail "Lasept" {-Tele rN+ Int+2
                  | Dex+2} (You found it on level 4 of the Dungeon)
  4082 | D:4      | Found Neasitt's Jewellery Emporium.
  4161 | D:4      | Found a snail-covered altar of Cheibriados.
  4395 | D:5      | Entered Level 5 of the Dungeon
  4419 | D:5      | Reached skill level 5 in Armour
  4419 | D:5      | Reached XP level 7. HP: 62/62 MP: 6/6
  4811 | D:5      | Found a sparkling altar of Nemelex Xobeh.
  5007 | D:5      | Found a staircase to the Ecumenical Temple.
  5029 | Temple   | Entered the Ecumenical Temple
  5427 | D:5      | Identified the +1 cloak "Jinuug" {Str+6} (You found it on
                  | level 5 of the Dungeon)
  5762 | D:5      | Reached XP level 8. HP: 59/71 MP: 7/7
  5978 | D:5      | Found a bloodstained altar of Trog.
  6300 | D:6      | Found a sand-covered staircase.
  6309 | Ossuary  | Entered an ossuary
  6598 | D:6      | Reached **** piety under Trog
  6904 | D:6      | Found a glowing silver altar of Zin.
  7297 | D:7      | Reached skill level 10 in Axes
  7416 | D:7      | Got a twisted mace
  7498 | D:7      | Found a runed translucent door.
  7500 | D:7      | Found a runed translucent door.
  7525 | D:7      | Reached XP level 9. HP: 74/81 MP: 8/8
  8136 | D:7      | Got a slimy short sword
  8168 | D:8      | Reached ***** piety under Trog
  8314 | D:8      | Received a gift from Trog
  8329 | D:8      | Found a blossoming altar of Fedhas.
  8828 | D:8      | Found a shadowy altar of Dithmenos.
  8830 | D:8      | Found a shattered altar of Ashenzari.
  8840 | D:8      | Found a sacrificial altar of Ru.
  8843 | D:8      | Found an opulent altar of Gozag.
  9065 | D:9      | Found an iron altar of Okawaru.
  9067 | D:9      | Found a white marble altar of Elyvilon.
  9067 | D:9      | Found a stormy altar of Qazlal.
  9142 | D:9      | Noticed a two-headed ogre
  9150 | D:9      | Killed a two-headed ogre
  9150 | D:9      | Reached XP level 10. HP: 74/91 MP: 9/9
  9226 | D:9      | Reached skill level 10 in Fighting
  9229 | D:9      | Received a gift from Trog
  9237 | D:9      | Got a translucent executioner's axe {god gift}
  9369 | D:9      | Noticed a two-headed ogre
  9375 | D:9      | Killed a two-headed ogre
  9375 | D:9      | Reached skill level 10 in Armour
  9910 | D:9      | Found a burning altar of Makhleb.
 10017 | D:10     | Entered Level 10 of the Dungeon
 10250 | D:10     | Identified the +6 trident of Annihilation {protect, Fragile
                  | rPois MR+ Stlth+} (You found it on level 10 of the Dungeon)
 10268 | D:10     | Noticed a purple ugly thing
 10274 | D:10     | Killed a purple ugly thing
 10315 | D:10     | Found a staircase to the Orcish Mines.
 10335 | D:10     | Reached XP level 11. HP: 59/101 MP: 10/10
 10523 | D:10     | Noticed a two-headed ogre
 10528 | D:10     | Killed a two-headed ogre
 11215 | D:11     | Found a staircase to the Lair.
 12048 | D:11     | Noticed a skeletal warrior
 12048 | D:11     | Noticed a skeletal warrior
 12048 | D:11     | Noticed a skeletal warrior
 12048 | D:11     | Noticed a skeletal warrior
 12067 | D:11     | Killed a skeletal warrior
 12067 | D:11     | Reached skill level 15 in Axes
 12067 | D:11     | Noticed a skeletal warrior
 12072 | D:11     | Killed a skeletal warrior
 12079 | D:11     | Killed a skeletal warrior
 12083 | D:11     | Killed a skeletal warrior
 12092 | D:11     | Killed a skeletal warrior
 12675 | D:11     | Identified the +6 mace of the Viper {crush, Stlth+} (You
                  | found it on level 7 of the Dungeon)
 12676 | D:11     | Identified the +5 short sword of Uncertain Death {venom,
                  | Dex+4} (You found it on level 7 of the Dungeon)
 12677 | D:11     | Identified the +3 executioner's axe of Keupt {chop, rElec
                  | Str-2 Stlth+} (Trog gifted it to you on level 9 of the
                  | Dungeon)
 12706 | Lair:1   | Entered Level 1 of the Lair of Beasts
 12741 | Lair:1   | Reached XP level 12. HP: 112/112 MP: 11/11
 12964 | Lair:1   | Noticed Gastronok
 12974 | Lair:1   | Killed Gastronok
 12974 | Lair:1   | Received a gift from Trog
 14268 | Lair:2   | Found a staircase to the Snake Pit.
 14622 | Lair:3   | Noticed a catoblepas
 14624 | Lair:3   | Found a dark tunnel.
 14631 | Lair:3   | Killed a catoblepas
 14794 | Volcano  | Entered a volcano
 14810 | Volcano  | Noticed a centaur warrior
 15095 | Volcano  | Killed a centaur warrior
 15108 | Volcano  | Noticed a red draconian
 15131 | Volcano  | Killed a red draconian
 15419 | Volcano  | Found a radiant altar of Vehumet.
 16116 | Lair:3   | Identified a scroll of acquirement
 16672 | Lair:4   | Found a staircase to the Shoals.
 17316 | Lair:5   | Reached XP level 13. HP: 103/122 MP: 4/12
 17972 | Lair:6   | Entered Level 6 of the Lair of Beasts
 17972 | Lair:6   | Found a viscous altar of Jiyva.
 17972 | Lair:6   | Found a staircase to the Slime Pits.
 19160 | Lair:6   | Received a gift from Trog
 19386 | Lair:6   | Identified the +3 executioner's axe of Afaczyol {vamp,
                  | Dex+2} (Trog gifted it to you on level 6 of the Lair of
                  | Beasts)
 19835 | Lair:6   | Noticed a dire elephant
 19846 | Lair:6   | Killed a dire elephant
 19923 | Lair:6   | Noticed a dire elephant
 19923 | Lair:6   | Noticed a dire elephant
 19928 | Lair:6   | Killed a dire elephant
 19928 | Lair:6   | Reached XP level 14. HP: 133/133 MP: 4/13
 20008 | Lair:6   | Identified the +4 morningstar of a bailey {venom, +Fly}
                  | (You found it on level 6 of the Lair of Beasts)
 21335 | D:13     | Reached skill level 15 in Fighting
 21796 | D:13     | Reached skill level 15 in Armour
 21869 | D:13     | Received a gift from Trog
 22655 | D:14     | Reached skill level 5 in Dodging
 22784 | D:14     | Noticed Josephine
 22797 | D:14     | Killed Josephine
 22798 | D:14     | Received a gift from Trog
 22994 | D:14     | Noticed Rupert
 23002 | D:14     | Killed Rupert
 23168 | D:14     | Reached XP level 15. HP: 68/145 MP: 4/14
 23322 | D:14     | Found a gate to the Vaults.
 23546 | D:14     | You fall into a shaft and drop 1 floor!
 23546 | D:15     | Entered Level 15 of the Dungeon
 23947 | D:15     | Found a gate leading to a gauntlet.
 24106 | D:15     | Reached ****** piety under Trog
 24122 | D:15     | Found a shadowy altar of Dithmenos.
 24323 | D:15     | Found a staircase to the Depths.
 24473 | D:15     | Reached skill level 10 in Dodging
 25038 | Orc:1    | Entered Level 1 of the Orcish Mines
 25162 | Orc:2    | Entered Level 2 of the Orcish Mines
 25231 | Orc:2    | Found a frozen archway.
 25312 | IceCv    | Entered an ice cave
 25389 | IceCv    | Received a gift from Trog
 25709 | IceCv    | Found an ancient bone altar of Kikubaaqudgha.
 26380 | Orc:2    | Found a staircase to the Elven Halls.
 26442 | Orc:2    | Noticed an orc warlord
 26476 | Orc:2    | Received a gift from Trog
 26491 | Orc:2    | Killed an orc warlord
 26715 | Orc:2    | Found a roughly hewn altar of Beogh.
 26718 | Orc:2    | Noticed Blork the orc
 26953 | Orc:2    | Killed Blork the orc
 27222 | Orc:2    | Found Lil Jacs's Antique Armour Shoppe.
 27282 | Orc:2    | Found Fuinen's Jewellery Shoppe.
 27293 | Orc:2    | Found Suil Gao's General Store.
 27494 | Orc:2    | Found Bameamum's Magic Scroll Shop.
 27550 | Orc:2    | Reached XP level 16. HP: 66/158 MP: 5/15
 27776 | Orc:2    | Found Tilid's Antique Weapon Shoppe.
 28053 | Orc:2    | Bought a scroll of identify for 34 gold pieces
 28053 | Orc:2    | Bought a scroll of identify for 34 gold pieces
 28126 | Orc:2    | Bought the ring of the Mage {Wiz MR++ Int+3} for 672 gold
                  | pieces
 28126 | Orc:2    | Found the ring of the Mage {Wiz MR++ Int+3}
 28249 | Snake:1  | Entered Level 1 of the Snake Pit
 28457 | Snake:1  | Noticed Kirke
 28493 | Snake:1  | Killed Kirke
 29609 | Snake:1  | Got a transparent graven amulet
 29879 | Snake:2  | Identified the amulet "Lohid" {Reflect rF+ Int+4 SH+2} (You
                  | found it on level 1 of the Snake Pit)
 29906 | Snake:2  | Got a twisted chain mail
 30000 | Snake:2  | Received a gift from Trog
 30150 | Snake:2  | Found Duit's Book Boutique.
 30152 | Snake:2  | Found Tuemyisch's Gadget Shop.
 30152 | Snake:2  | Found Ritsuep's Magic Scroll Boutique.
 30160 | Snake:2  | Found Qyzixkul's Gadget Shop.
 30169 | Snake:2  | Bought a scroll of identify for 40 gold pieces
 30169 | Snake:2  | Identified the +0 chain mail of Jueh {SInv} (You found it
                  | on level 2 of the Snake Pit)
 30316 | Snake:2  | Got an encrusted scythe
 30339 | Snake:2  | Bought a scroll of identify for 40 gold pieces
 30339 | Snake:2  | Identified the +11 scythe "Ogreslayer" {chaos, +Inv rC+
                  | MR+} (You found it on level 2 of the Snake Pit)
 30383 | Snake:2  | Found Jowif's General Store.
 30554 | Snake:3  | Found a hide-covered altar of Uskayaw.
 31747 | Snake:4  | Entered Level 4 of the Snake Pit
 31864 | Snake:4  | Reached XP level 17. HP: 170/170 MP: 16/16
 31878 | Snake:4  | Received a gift from Trog
 32476 | Snake:4  | Reached skill level 15 in Dodging
 32544 | Snake:4  | Found Foniaw's Assorted Antiques.
 32919 | Snake:4  | Received a gift from Trog
 33245 | Snake:4  | Got a serpentine rune of Zot
 33273 | Snake:4  | Received a gift from Trog
 33751 | Elf:1    | Entered Level 1 of the Elven Halls
 34106 | Elf:1    | Reached XP level 18. HP: 176/187 MP: 17/17
 34397 | Elf:1    | Identified the +0 pair of gloves of the Engineer {rElec
                  | Dex+4} (You found it on level 1 of the Elven Halls)
 34938 | Elf:2    | Received a gift from Trog
 34977 | Elf:2    | Identified the +9 battleaxe of Minotaur's Bane {chop, rC+}
                  | (Trog gifted it to you on level 2 of the Elven Halls)
 35156 | Elf:2    | Found a runed translucent gate.
 35162 | Elf:2    | Found a runed translucent gate.
 35162 | Elf:2    | Found a runed translucent gate.
 35377 | Elf:2    | Found Wezxon's Book Boutique.
 35674 | Elf:2    | Received a gift from Trog
 36404 | Shoals:1 | Entered Level 1 of the Shoals
 37259 | Shoals:2 | Received a gift from Trog
 38020 | Shoals:2 | Noticed Nikola
 38050 | Shoals:2 | Killed Nikola
 38298 | Shoals:2 | Reached XP level 19. HP: 166/199 MP: 18/18
 38488 | Shoals:3 | Noticed Ilsuiw
 38498 | Shoals:3 | Killed Ilsuiw
 38711 | Shoals:3 | Noticed Louise
 38715 | Shoals:3 | Received a gift from Trog
 38733 | Shoals:3 | Killed Louise
 38826 | Shoals:3 | Noticed Mara
 38865 | Shoals:3 | Killed Mara
 39458 | Shoals:4 | Entered Level 4 of the Shoals
 40466 | Shoals:4 | Found Ykurukhusocw's Assorted Antiques.
 40739 | Shoals:4 | Received a gift from Trog
 41418 | Shoals:4 | Got a barnacled rune of Zot
 41534 | Shoals:4 | Identified the +9 great mace of Fragile Peace {protect,
                  | rElec rF+} (You found it on level 4 of the Shoals)
 41823 | Shoals:4 | Identified the +4 scale mail "Pofin" {rPois} (You found it
                  | on level 4 of the Shoals)
 42248 | Vaults:1 | Entered Level 1 of the Vaults
 43420 | Vaults:1 | Received a gift from Trog
 43423 | Vaults:1 | Identified the +13 battleaxe of Liberalism {flame, rPois}
                  | (Trog gifted it to you on level 1 of the Vaults)
 43996 | Vaults:2 | Reached XP level 20. HP: 207/207 MP: 19/19
 44019 | Vaults:2 | Noticed Xtahua
 44049 | Vaults:2 | Killed Xtahua
 44069 | Vaults:2 | Received a gift from Trog
 44319 | Vaults:2 | HP: 7/207 [something (11)]
 45245 | Vaults:2 | Received a gift from Trog
 45312 | Vaults:2 | Reached skill level 1 in Shields
 45656 | Vaults:2 | Found a staircase to the Crypt.
 46504 | Vaults:3 | Reached skill level 5 in Shields
 46777 | Vaults:3 | Received a gift from Trog
 46824 | Vaults:3 | Noticed Frederick
 46836 | Vaults:3 | Killed Frederick
 47016 | Vaults:3 | Reached XP level 21. HP: 215/215 MP: 20/20
 47656 | Vaults:3 | Received a gift from Trog
 47721 | Vaults:3 | Found a runed translucent gate.
 47721 | Vaults:3 | Found a runed translucent gate.
 47721 | Vaults:3 | Found a runed translucent gate.
 47721 | Vaults:3 | Noticed Kuqudo's ghost (adept DDFi)
 47844 | Vaults:3 | Reached skill level 10 in Shields
 48571 | Vaults:4 | Received a gift from Trog
 48927 | Vaults:4 | Noticed Saint Roka
 48958 | Vaults:4 | Killed Saint Roka
 50005 | Elf:3    | Entered Level 3 of the Elven Halls
 50017 | Elf:3    | Received a gift from Trog
 50052 | Elf:3    | Reached skill level 15 in Shields
 50069 | Elf:3    | Gained mutation: Potions are less effective at restoring
                  | your health. [a neqoxec]
 50698 | Elf:3    | Reached XP level 22. HP: 210/224 MP: 21/21
 50734 | Elf:3    | Identified the cursed +2 quarterstaff of Poad {crush, -Tele
                  | rC++ Int+4}
 50734 | Elf:3    | Identified the +4 steam dragon scales "Bautapti" {Str+2}
 51170 | Elf:3    | Received a gift from Trog
 51255 | Elf:3    | Identified the +5 plate armour of Conscience {-Cast rElec
                  | rN+ Dex+7}
 51642 | Elf:3    | Identified the +2 scale mail of the Hanged Man {rElec rC+}
 51688 | Elf:3    | Identified the +5 falchion of Ozunaqem {flame, +Blink rF-
                  | MP+9}
 51688 | Elf:3    | Identified the amulet of Ocram {+Rage rC+ SInv}
 51705 | Elf:3    | Identified the ring "Rotenk" {Ice SInv} (You found it on
                  | level 3 of the Elven Halls)
 51708 | Elf:3    | Identified the ring of Givam {*Tele Str+4} (You found it on
                  | level 3 of the Elven Halls)
 51841 | Elf:3    | Identified the amulet "Gainloihe" {RegenMP +Fly} (You found
                  | it on level 3 of the Elven Halls)
 52251 | Depths:1 | Entered Level 1 of the Depths
 52402 | Depths:1 | Received a gift from Trog
 52727 | Depths:1 | Found a gateway to Hell.
 53721 | Depths:2 | You fall into a shaft and drop 1 floor!
 53962 | Depths:3 | Received a gift from Trog
 53976 | Depths:3 | Paralysed by a floating eye for 3 turns
 54004 | Depths:3 | Reached XP level 23. HP: 101/231 MP: 22/22
 54098 | Depths:3 | Noticed a juggernaut
 54166 | Depths:3 | Killed a juggernaut
 54193 | Depths:3 | HP: 10/231 [spriggan defender/+6 quick blade (17)]
 54755 | Depths:3 | Found a one-way gate leading to the halls of Pandemonium.
 55433 | Depths:4 | Received a gift from Trog
 55745 | Depths:4 | Found Vaseesigh's Antique Armour Shop.
 55748 | Depths:4 | Found Xynomido's Armour Shop.
 55749 | Depths:4 | Found Ujuez's Gadget Shop.
 55755 | Depths:4 | Found Woaxt's General Store.
 55852 | Depths:4 | HP: 10/231 [spriggan air mage/the air[a spriggan defender]
                  | (2)]
 56116 | Depths:4 | Paralysed by a floating eye for 4 turns
 56513 | Depths:4 | Found a one-way gate to the infinite horrors of the Abyss.
 56660 | Depths:5 | Entered Level 5 of the Depths
 56712 | Depths:5 | Received a gift from Trog
 56727 | Depths:5 | Found a gate to the Realm of Zot.
 57065 | Depths:5 | Reached XP level 24. HP: 222/239 MP: 22/22
 57222 | Depths:5 | Found Sumuenletty's Gadget Emporium.
 57223 | Depths:5 | Found Qoeskur's Jewellery Shop.
 57223 | Depths:5 | Found Bituzxo's Jewellery Shop.
 57258 | Depths:5 | Reached skill level 1 in Evocations
 57270 | Depths:5 | Received a gift from Trog
 57526 | Depths:5 | Found a gateway to a ziggurat.
 57706 | Depths:5 | Found a shimmering altar of Xom.
 57844 | Depths:5 | Found a runed translucent door.
 58364 | Depths:5 | Reached XP level 25. HP: 220/247 MP: 25/26
 58789 | Vaults:5 | Entered Level 5 of the Vaults
 58795 | Vaults:5 | Noticed an ancient lich
 58959 | Vaults:5 | Received a gift from Trog
 59198 | Vaults:4 | Killed an ancient lich
 59198 | Vaults:4 | Reached skill level 10 in Evocations
 59782 | Vaults:5 | Received a gift from Trog
 59803 | Vaults:5 | Identified the +8 broad axe "Ecigo Salec" {vamp, Stlth+}
                  | (Trog gifted it to you on level 5 of the Vaults)
 59934 | Vaults:5 | Identified the Incunabulum of the Dusty Traveller
 60039 | Vaults:5 | Reached XP level 26. HP: 255/255 MP: 31/31
 60065 | Vaults:5 | Found Raocrale's Magic Scroll Shop.
 60069 | Vaults:5 | Bought a scroll of enchant armour for 127 gold pieces
 60069 | Vaults:5 | Bought a scroll of acquirement for 884 gold pieces
 60072 | Vaults:5 | Identified the ring of Xom's Sleight of Hands {*Corrode rF+
                  | Str+5 Int+3 SInv} (You acquired it on level 5 of the
                  | Vaults)
 60091 | Vaults:5 | Found Jacimny's Food Shoppe.
 60091 | Vaults:5 | Found Reetyhoy's Magic Scroll Boutique.
 60107 | Vaults:5 | Found Hyts's Food Shop.
 60131 | Vaults:5 | Found Qeklimis's Magic Scroll Shoppe.
 60131 | Vaults:5 | Found Buysk's Food Boutique.
 60141 | Vaults:5 | Found Kiahoewk's Magic Scroll Emporium.
 60172 | Vaults:5 | Noticed an ancient lich
 60196 | Vaults:5 | Killed an ancient lich
 60398 | Vaults:5 | Noticed an ancient lich
 60419 | Vaults:5 | Killed an ancient lich
 60472 | Vaults:5 | Received a gift from Trog
 60485 | Vaults:5 | Got a silver rune of Zot
 60562 | Vaults:5 | Identified the +1 robe "Xoxer" {Dex+5}
 60609 | Vaults:5 | Identified the +5 mace "Daplabbiexo" {holy, rC+}
 60687 | Vaults:5 | Reached skill level 15 in Evocations
 61029 | Vaults:5 | Found Etietes's Food Emporium.
 61379 | Zot:1    | Entered Level 1 of the Realm of Zot
 63395 | Zot:2    | Received a gift from Trog
 63414 | Zot:2    | Reached XP level 27. HP: 266/266 MP: 33/33
 65421 | Zot:4    | Received a gift from Trog
 65726 | Zot:4    | Identified the ring "Cautzyxo" {Wiz Str+4 Stlth+}
 66021 | Depths:5 | Bought the ring "Bonelyaph" {MR+ MP+9 AC+4 Dex+7} for 1068
                  | gold pieces
 66037 | Depths:5 | Bought a box of beasts for 420 gold pieces
 66232 | Zot:4    | Reached skill level 27 in Fighting
 66887 | Zot:5    | Entered Level 5 of the Realm of Zot
 67207 | Zot:5    | Received a gift from Trog
 67827 | Zot:5    | Noticed an ancient lich
 67838 | Zot:5    | Noticed an orb of fire
 67851 | Zot:5    | Noticed an orb of fire
 67864 | Zot:4    | Killed an ancient lich
 67971 | Zot:5    | Noticed an orb of fire
 67972 | Zot:5    | Noticed an orb of fire
 67977 | Zot:5    | Gained mutation: You do not regenerate when monsters are
                  | visible. [an orb of fire]
 67980 | Zot:5    | Noticed an orb of fire
 67983 | Zot:5    | Gained mutation: You tend to lose your temper in combat.
                  | [an orb of fire]
 67988 | Zot:4    | Killed an orb of fire
 67989 | Zot:4    | Gained mutation: You are clumsy. (Dex -2) [an orb of fire]
 67998 | Zot:4    | Killed an orb of fire
 68462 | Zot:5    | Noticed an orb of fire
 68462 | Zot:5    | Gained mutation: Scrolls take you a little longer to read.
                  | [an orb of fire]
 68465 | Zot:5    | Noticed an ancient lich
 68486 | Zot:4    | Killed an orb of fire
 68629 | Zot:5    | Gained mutation: You are weak. (Str -2) [an orb of fire]
 68630 | Zot:5    | Gained mutation: Your spells are a little easier to cast,
                  | but a little less powerful. [an orb of fire]
 68644 | Zot:4    | Gained mutation: You are frail. (-10% HP) [an orb of fire]
 68649 | Zot:4    | Gained mutation: Your body sometimes deteriorates upon
                  | taking damage. [an orb of fire]
 68651 | Zot:4    | Killed an orb of fire
 68791 | Zot:4    | Gained mutation: You are very frail. (-20% HP) [an orb of
                  | fire]
 68796 | Zot:4    | Killed an orb of fire
 68796 | Zot:4    | Gained mutation: You are extremely frail. (-30% HP) [an orb
                  | of fire]
 68801 | Zot:4    | Killed an orb of fire
 68871 | Zot:4    | Lost mutation: You are clumsy. (Dex -2) [potion of
                  | mutation]
 68871 | Zot:4    | Lost mutation: Scrolls take you a little longer to read.
                  | [potion of mutation]
 68871 | Zot:4    | Lost mutation: You are weak. (Str -2) [potion of mutation]
 68871 | Zot:4    | Lost mutation: You are extremely frail. (-30% HP) [potion
                  | of mutation]
 68871 | Zot:4    | Gained mutation: You can translocate small distances at
                  | will. [potion of mutation]
 68871 | Zot:4    | Gained mutation: Your muscles are strong. (Str +2) [potion
                  | of mutation]
 68872 | Zot:4    | Lost mutation: Your spells are a little easier to cast, but
                  | a little less powerful. [potion of mutation]
 68872 | Zot:4    | Lost mutation: Your body sometimes deteriorates upon taking
                  | damage. [potion of mutation]
 68872 | Zot:4    | Gained mutation: You have sharp toenails. [potion of
                  | mutation]
 68872 | Zot:4    | Gained mutation: You are resistant to hostile enchantments.
                  | (MR+) [potion of mutation]
 68872 | Zot:4    | Gained mutation: You have very sharp teeth. [potion of
                  | mutation]
 68882 | Zot:5    | Killed an ancient lich
 68890 | Zot:5    | Reached skill level 27 in Axes
 68909 | Zot:5    | Noticed an orb of fire
 68914 | Zot:5    | Noticed an ancient lich
 68914 | Zot:5    | Noticed an ancient lich
 68928 | Zot:5    | Gained mutation: You are occasionally teleported next to
                  | monsters. [an orb of fire]
 69254 | Zot:4    | Killed an orb of fire
 69439 | Zot:5    | Killed an ancient lich
 69441 | Zot:5    | Killed an ancient lich
 69520 | Zot:5    | Noticed an orb of fire
 69523 | Zot:5    | Noticed an ancient lich
 69529 | Zot:5    | Gained mutation: You are sometimes teleported next to
                  | monsters. [an orb of fire]
 69535 | Zot:5    | Killed an orb of fire
 69536 | Zot:5    | Noticed an orb of fire
 69537 | Zot:5    | Killed an ancient lich
 69539 | Zot:5    | Noticed an ancient lich
 69546 | Zot:5    | Killed an orb of fire
 69547 | Zot:5    | Noticed an ancient lich
 69553 | Zot:5    | Killed an ancient lich
 69567 | Zot:5    | HP: 1/218 [something/bolt of fire (10)]
 69574 | Zot:5    | HP: 9/218 [???[an ancient lich] (6)]
 69576 | Zot:5    | HP: 4/218 [Ice Fiend[an ancient lich] (1)]
 69576 | Zot:5    | Mangled by an Ice Fiend

Levels and vault maps discovered:
D:1:      dpeg_arrival_snail, layout_loops_corners, minmay_liquid_box,
          nrook_mini_backslash
D:2:      layout_basic, first_ration, chequers_garden
D:3:      layout_basic, lemuel_crystal_altar, uniq_terence, uniq_robin
D:4:      layout_loops_corners, kennysheep_slug_shrine, serial_shops,
          nicolae_shop_behind_doors, trog_wizard
D:5:      layout_basic, marbit_many_paths, minmay_temple_entry_butterflies,
          hex_medium, nemelex_lonely_heart_becter
D:6:      layout_gridville, zin_academy, nicolae_ossuary_entry_ruins
D:7:      lemuel_insect_pit, layout_basic, grunt_ogre_cave,
          chequers_serial_rivers_small_a
D:8:      layout_rooms, grunt_temple_overflow_cloverleaf, fedhas_altar_2
D:9:      layout_irregular_city, lightli_temple_of_fire,
          gammafunk_temple_overflow_claw, kennysheep_generic_room_5
D:10:     layout_small_grid, hiddenorc2_lemuel
D:11:     layout_loops_cross, due_lair_maze_entry_diamond,
          minmay_variable_closet, kennysheep_generic_room_8
D:12:     layout_irregular_city, serial_glass, glass_columns_b, glass_columns_b,
          item_on_display_a, feat_on_display, item_on_display_a
D:13:     layout_stronghold
D:14:     layout_loops_ring, ximxim_vaults_locker_room,
          lemuel_coloured_pillars_altar, uniq_josephine, uniq_rupert
D:15:     gammafunk_depths_entry_grave, layout_basic,
          nicolae_dithmenos_through_a_glass_darkly, gauntlet_entry_generic
Temple:   jpeg_temple_island
Lair:1:   layout_regular_city, st_stairs_8, lemuel_fruit_fields,
          grunt_megastairs_3, uniq_gastronok
Lair:2:   layout_hall_layers, minmay_snake_entry_spellcaster, grunt_megastairs_5
Lair:3:   layout_roguey, enter_volcano_2, lemuel_fruit_fields,
          serial_bayou_shore_b, serial_bayou_shore_b, grunt_megastairs_2
Lair:4:   layout_long_grid, minmay_shoals_entry_beasts,
          minmay_lair_oklob_chamber
Lair:5:   layout_regular_city, minmay_stone_trees_small
Lair:6:   due_jungle_book, layout_loops_ring, slime_altar_1
Shoals:1: layout_shoals, nicolae_shoals_circle_sea_wall
Shoals:2: layout_shoals, nicolae_shoals_undead_eyrie, uniq_nikola
Shoals:3: layout_shoals, shoals_oasis, uniq_ilsuiw, uniq_mara, uniq_louise
Shoals:4: shoals_end_grunt_ice, layout_shoals, shoals_ilsuiw_ice, serial_shops,
          shop, nicolae_shoals_stone_sculpture_thing
Snake:1:  layout_layer_cave, uniq_kirke
Snake:2:  layout_onion, serial_shops, shop, minmay_shoptagon
Snake:3:  layout_onion_interference, basic_altar
Snake:4:  snake_pit, layout_cave_town, serial_shops, shop,
          hangedman_snake_corridor_cut
Orc:1:    layout_caves
Orc:2:    grunt_orc_cross, layout_diamond_mine, portal_ice_cave_demonic_guard,
          serial_shops, nicolae_shop_statue_plus
Elf:1:    layout_geoelf_grid, minmay_elf_annihilation, nrook_loot_triangle
Elf:2:    layout_geoelf_diagonals, serial_shops, nicolae_shop_crystal
Elf:3:    nooodl_elf_gasket, layout_geoelf_octagon
Vaults:1: vaults_room_corners, st_squares, ontoclasm_vaults_spin,
          ontoclasm_vaults_shuriken, vaults_dpeg_hooks, nicolae_vaults_alarming,
          nicolae_vaults_little_squares_4, layout_vaults_omnigrid
Vaults:2: minmay_crypt_entry_simple_statues, v_rooms_6, hangedman_vaults_slice,
          v_misc_29, vaults_room_stairs_pillars, ontoclasm_vaults_twist,
          layout_vaults_big_room, uniq_xtahua
Vaults:3: gammafunk_vaults_ghost_tricky_traps, vaults_mumra_chevron,
          nicolae_vaults_yaktaur_gun_rack, v_misc_14, v_misc_23,
          hangedman_vaults_restitches, v_alt_pattern_6,
          dpeg_vaults_pockets_of_resistance, v_misc_19,
          nicolae_vaults_specimen_jars, hangedman_vaults_trim,
          layout_vaults_omnicross, serial_shops, uniq_frederick
Vaults:4: st_diamondy, v_rooms_6, nicolae_vaults_triangles,
          nicolae_vaults_little_squares_2, hangedman_vaults_cutoff,
          hangedman_vaults_pinch, hangedman_vaults_corner, v_alt_pattern_1,
          vaults_room_large_hall, vaults_mumra_hexcomb, layout_vaults_omnibox,
          uniq_saint_roka
Vaults:5
Depths:1: layout_cave_pools, kennysheep_big_empty_room, grunt_hell_horde,
          grunt_ministairs_15, nicolae_lava_and_water, st_stairs_6,
          kennysheep_small_circle, infiniplex_staircase_pool_lava
Depths:2: kb_forest_paths, layout_cave_pools, hell_entry,
          okawaru_ov_weapons_minmay, firewood_loft
Depths:3: minmay_the_grid_plus [minmay_the_grid_small_cups,
          minmay_the_grid_armoury, minmay_the_grid_broken_lines,
          minmay_the_grid_gridbox, minmay_the_grid_prize_inner_circle],
          layout_honeycomb, pan_entry, grunt_hell_entry_dis_grunt
Depths:4: kennysheep_scales, layout_twisted_cross, hell_entry, abyss_entry,
          serial_sigils_hangedman_quiver, rand_demon_pan_entry_9,
          minmay_shop_grid_forest, kennysheep_decorative_pillar
Depths:5: grunt_crosshair, layout_cave_shapes, enter_ziggurat_e, hellmouth_1,
          old_standard_altar, special_room [special_room_mythical_zoo],
          minmay_acid_items, serial_bayou_shore_b, minmay_shop_grove
Zot:1:    layout_gridlike, zot_minivault_6, grunt_megastairs_4
Zot:2:    layout_gridlike
Zot:3:    layout_twisted_circle
Zot:4:    layout_basic, st_small_dragon_hoard_3
Zot:5:    layout_misc_corridors, st_stairs_1, grunt_ministairs_7,
          hangedman_zot_decor_tridents

Skill      XL: |  1  2  3  4  5  6  7  8  9 10 11 12 13 14 15 16 17 18 19 20 21 22 23 24 25 26 27 |
---------------+----------------------------------------------------------------------------------+-----
Axes           | 4 5 6 7 8 10 12 14 15 17 19 20 21 27 | 27.0
Fighting       | 4 5 6 7 9 10 12 13 14 16 18 20 22 24 25 27 | 27.0
Armour         | 3 4 5 6 7 9 10 11 13 14 15 17 20 | 20.0
Dodging        | 7 11 14 15 16 19 20 | 20.0
Shields        | 7 15 20 24 25 26 | 26.4
Evocations     | 6 12 15 | 15.0

Action                   |  1- 3 |  4- 6 |  7- 9 | 10-12 | 13-15 | 16-18 | 19-21 | 22-24 | 25-27 || total
-------------------------+-------+-------+-------+-------+-------+-------+-------+-------+-------++-------
Melee: Hand axe          |    66 |   163 |   146 |       |       |       |       |       |       ||   375
       Headbutt          |     6 |    21 |    63 |   104 |   256 |   356 |   551 |   408 |   591 ||  2356
       War axe           |       |       |   148 |   284 |       |       |       |       |       ||   432
       Mace              |       |       |       |    39 |       |       |       |       |       ||    39
       Battleaxe         |       |       |       |   126 |   896 |  1261 |  1571 |  1062 |   210 ||  5126
       Broad axe         |       |       |       |       |       |       |       |       |  1283 ||  1283
       Kick              |       |       |       |       |       |       |       |       |    44 ||    44
       Bite              |       |       |       |       |       |       |       |       |    19 ||    19
 Fire: Hunting sling     |    22 |       |       |     1 |       |       |       |       |       ||    23
Invok: Berserk           |     1 |     5 |     3 |     4 |     5 |       |       |     1 |     6 ||    25
       Trog's Hand       |       |       |       |     1 |     1 |     1 |       |     3 |       ||     6
       Brothers in Arms  |       |       |       |     3 |     4 |       |     4 |     5 |     3 ||    19
Evoke: Wand              |       |       |       |     2 |       |     2 |       |       |     1 ||     5
  Use: Scroll            |     2 |     7 |     8 |    11 |    15 |    11 |     6 |    13 |    10 ||    83
       Potion            |       |       |       |     1 |       |     2 |     4 |     8 |    16 ||    31
 Stab: Sleeping          |       |     1 |       |       |       |       |       |       |       ||     1
       Distracted        |       |       |       |       |       |       |     2 |     1 |     1 ||     4
  Eat: Chunk             |     5 |    10 |    16 |    30 |    24 |    22 |    30 |    16 |    22 ||   175
       Ration            |       |       |     1 |     1 |     4 |     4 |     4 |     4 |     7 ||    25
Armor: Animal skin       |     8 |     2 |       |       |       |       |       |       |       ||    10
       Scale mail        |       |    50 |    52 |       |       |       |       |       |       ||   102
       Chain mail        |       |       |    54 |       |       |       |       |       |       ||    54
       Plate armour      |       |       |    17 |   223 |   495 |   531 |   555 |   211 |       ||  2032
       Gold dragon scale |       |       |       |       |       |       |       |   351 |   561 ||   912
Dodge: Dodged            |    50 |   101 |   130 |   164 |   373 |   860 |  1091 |   863 |   696 ||  4328
Block: Other             |       |       |       |       |       |    35 |    79 |    76 |    21 ||   211
       Reflection        |       |       |       |       |       |     4 |    12 |     5 |    28 ||    49
       Large shield      |       |       |       |       |       |       |       |       |  1431 ||  1431

Table legend:
 A = Non-vault XP
 B = Vault XP
 C = Vault XP percentage of total XP
 D = Non-vault monster count
 E = Vault monster count
 F = Vault count percentage of total count
                 A         B        C        D         E       F
            +---------+---------+-------+---------+---------+-------
      Total |  915863 |  799970 |  46.6 |    1541 |     813 |  34.5
            +---------+---------+-------+---------+---------+-------
        D:1 |      23 |       0 |   0.0 |      14 |       0 |   0.0
        D:2 |      47 |       2 |   4.1 |      14 |       1 |   6.7
        D:3 |     213 |      66 |  23.7 |      30 |      12 |  28.6
        D:4 |     407 |       4 |   1.0 |      17 |       1 |   5.6
        D:5 |     706 |       2 |   0.3 |      16 |       1 |   5.9
        D:6 |     401 |       0 |   0.0 |      11 |       0 |   0.0
        D:7 |    1424 |     121 |   7.8 |      19 |       1 |   5.0
        D:8 |    1376 |       0 |   0.0 |      37 |       0 |   0.0
        D:9 |    3592 |     866 |  19.4 |      37 |       1 |   2.6
       D:10 |    2496 |     639 |  20.4 |      17 |      32 |  65.3
       D:11 |    7365 |    1275 |  14.8 |      32 |      10 |  23.8
       D:12 |    5918 |       0 |   0.0 |      25 |       0 |   0.0
       D:13 |   12366 |       0 |   0.0 |      56 |       0 |   0.0
       D:14 |   14899 |    9284 |  38.4 |      51 |      16 |  23.9
       D:15 |   19594 |    3905 |  16.6 |      48 |       8 |  14.3
     Lair:1 |    2852 |    2700 |  48.6 |      16 |       7 |  30.4
     Lair:2 |    2826 |     572 |  16.8 |      12 |       2 |  14.3
     Lair:3 |    2003 |     334 |  14.3 |       5 |       3 |  37.5
     Lair:4 |    1262 |    1740 |  58.0 |       6 |       6 |  50.0
     Lair:5 |    3356 |       0 |   0.0 |      14 |       0 |   0.0
     Lair:6 |   26796 |    2905 |   9.8 |      50 |       5 |   9.1
   Shoals:1 |   15327 |       0 |   0.0 |      30 |       0 |   0.0
   Shoals:2 |   20591 |    4668 |  18.5 |      42 |       6 |  12.5
   Shoals:3 |   12945 |   12924 |  50.0 |      23 |       5 |  17.9
   Shoals:4 |    6063 |   24999 |  80.5 |      14 |      39 |  73.6
    Snake:1 |   21413 |    2431 |  10.2 |      40 |       3 |   7.0
    Snake:2 |   12510 |       0 |   0.0 |      26 |       0 |   0.0
    Snake:3 |   20436 |       0 |   0.0 |      39 |       0 |   0.0
    Snake:4 |   30027 |   35946 |  54.5 |      49 |      60 |  55.0
      Orc:1 |     306 |       0 |   0.0 |       9 |       0 |   0.0
      Orc:2 |    3097 |    8185 |  72.5 |      33 |      37 |  52.9
      Elf:1 |   13748 |    3326 |  19.5 |      21 |       5 |  19.2
      Elf:2 |   23333 |   23034 |  49.7 |      33 |      27 |  45.0
      Elf:3 |   19623 |   65425 |  76.9 |      25 |      43 |  63.2
   Vaults:1 |   23508 |   12063 |  33.9 |      39 |      19 |  32.8
   Vaults:2 |   35788 |   25029 |  41.2 |      56 |      24 |  30.0
   Vaults:3 |   29079 |   60816 |  67.7 |      54 |      63 |  53.8
   Vaults:4 |   45782 |   61402 |  57.3 |      65 |      65 |  50.0
   Vaults:5 |   34180 |  115008 |  77.1 |      52 |      66 |  55.9
   Depths:1 |   15421 |   12299 |  44.4 |      25 |      21 |  45.7
   Depths:2 |    9644 |       0 |   0.0 |      15 |       0 |   0.0
   Depths:3 |   42054 |   29929 |  41.6 |      50 |      23 |  31.5
   Depths:4 |   48158 |    8860 |  15.5 |      64 |      11 |  14.7
   Depths:5 |   46249 |   48888 |  51.4 |      37 |      45 |  54.9
      Zot:1 |   49871 |   28178 |  36.1 |      31 |      17 |  35.4
      Zot:2 |   46338 |       0 |   0.0 |      28 |       0 |   0.0
      Zot:3 |   47736 |       0 |   0.0 |      31 |       0 |   0.0
      Zot:4 |   92883 |   89835 |  49.2 |      63 |      15 |  19.2
      Zot:5 |   39831 |   93640 |  70.2 |      20 |      22 |  52.4
    Ossuary |       0 |     250 | 100.0 |       0 |      31 | 100.0
      IceCv |       0 |    6173 | 100.0 |       0 |      54 | 100.0
    Volcano |       0 |    2247 | 100.0 |       0 |       6 | 100.0
            +---------+---------+-------+---------+---------+-------
